 Dungeon Crawl Stone Soup version 0.28.0-53-g5a82cb258f (webtiles) character file.

Game seed: 52229758110670693

30 Sin92 the Skirmisher (level 3, -7/29 HPs)
             Began as a Demonspawn Fighter on June 2, 2022.
             Mangled by a gnoll
             ... wielding a +0 halberd
              (9 damage)
             ... on level 2 of the Dungeon.
             The game lasted 00:00:52 (1129 turns).

Sin92 the Skirmisher (Demonspawn Fighter)           Turns: 1129, Time: 00:00:53

Health: -7/29      AC:  6    Str: 18    XL:     3   Next: 5%
Magic:  3/3        EV:  9    Int:  9    God:
Gold:   53         SH:  4    Dex: 12    Spells: 2/2 levels left

rFire   + . .      SeeInvis .   a - +0 war axe
rCold   + . .      Faith    .   c - +0 buckler
rNeg    . . .      Spirit   .   b - +0 scale mail
rPois   +          Reflect  .   (helmet restricted)
rElec   +          Harm     .   (no cloak)
rCorr   +          Rampage  .   (no gloves)
Will    .....                   (no boots)
Stlth   ..........              (no amulet)
HPRegen 0.09/turn               (no ring)
MPRegen 0.08/turn               (no ring)

@: mighty, resistant
A: horns 2
a: no special abilities


You were on level 2 of the Dungeon.
You visited 1 branch of the dungeon, and saw 2 of its levels.

You collected 53 gold pieces.

Inventory:

Hand Weapons
 a - a +0 war axe (weapon)
Armour
 b - a +0 scale mail (worn)
 c - a +0 buckler (worn)
Scrolls
 f - 2 scrolls of identify {unknown}


   Skills:
 + Level 3.2 Fighting
 + Level 2.1 Axes
 + Level 3.0 Armour
 + Level 0.8 Dodging
 + Level 2.9 Shields


You had 2 spell levels left.
You didn't know any spells.
Your spell library contained the following spells:

 Spells                   Type           Power      Damage    Failure   Level
 Magic Dart               Conj           0%         1d3       86%         1
 Searing Ray              Conj           0%         2d4       94%         2
 Fulminant Prism          Conj/Hex       0%         3d6       100%        4


Dungeon Overview and Level Annotations

Branches:
Dungeon (2/15)

Altars:


Innate Abilities, Weirdness & Mutations

You have a pair of horns on your head.


Message History

There are monsters nearby!
You hit the gnoll.
The gnoll is moderately wounded.
You miss the jackal.
The jackal bites you but does no damage.
The gnoll hits you with a +0 flail. You block the gnoll's attack.
The jackal bites you but does no damage.
Unknown command.
There are monsters nearby!
You are too injured to fight recklessly!
Unknown command.
There are monsters nearby!
You are too injured to fight recklessly!
You are too injured to fight recklessly!
Unknown command.
There are monsters nearby!
You are too injured to fight recklessly!
There are monsters nearby!
Unknown command.
You are too injured to fight recklessly!
There are monsters nearby!
Unknown command.
You block the jackal's attack.
The jackal bites you but does no damage.
It was a potion of cancellation.
You feel magically purged. You block the jackal's attack.
The jackal closely misses you.
It was a potion of resistance.
You feel protected.
The jackal bites you but does no damage.
You feel very mighty all of a sudden. The jackal closely misses you.
You slash the jackal!
You kill the jackal!
The gnoll hits you from afar with a +0 halberd!
* * * LOW HITPOINT WARNING * * *
You block the gnoll's attack.
You slash the gnoll!
You kill the gnoll!
The gnoll hits you from afar with a +0 halberd!
You die...

. .. ############ ...
..........## ....
#.######...##
.....##.#####.....#####
#......gg)@...........#####
$.####K#####..............
#.# ##.....##.##### #g#
##.#####.# #.K (.... #..
#.. ######. #### .... #
#... ##.## #.. ####


You could see 2 gnolls and a kobold.

Vanquished Creatures
  A gnoll (D:2)
  An adder (D:2)
  2 bats
  2 endoplasms
  A giant cockroach (D:1)
  A goblin (D:1)
  2 hobgoblins
  4 jackals (D:2)
  A quokka (D:1)
  2 frilled lizards
  4 rats
21 creatures vanquished.

Notes
Turn   | Place    | Note
-------+----------+-------------------------------------------
     0 | D:1      | Sin92 the Demonspawn Fighter began the quest for the Orb.
     0 | D:1      | Reached XP level 1. HP: 18/18 MP: 1/1
   371 | D:1      | Gained mutation: You have a pair of small horns on your
                  | head. [demonic ancestry]
   371 | D:1      | Reached XP level 2. HP: 23/24 MP: 2/2
   381 | D:1      | Found a faded altar of an unknown god.
   636 | D:1      | You fall into a shaft and drop 1 floor!
   927 | D:2      | Gained mutation: You have a pair of horns on your head.
                  | [demonic ancestry]
   927 | D:2      | Reached XP level 3. HP: 29/29 MP: 3/3
  1129 | D:2      | Mangled by a gnoll

Illustrated notes

Levels and vault maps discovered:
D:1:      lightli_arrival_statuegarden, layout_basic,
          shapermc_ecumenical_altar_flowoftime, serial_forest,
          infiniplex_forest_side_room, infiniplex_forest_end_2,
          infiniplex_forest_clump_double, infiniplex_forest_clump_medium,
          infiniplex_forest_clump_small, corexii_leaking_fountain,
          nrook_loot_triangle
D:2:      layout_loops_ring, wad_floor_pattern_untrapped,
          chequers_serial_rivers_marsh, amcnicky_mini_pool_small,
          amethyst_killhole

Skill      XL: |  1  2  3 |
---------------+----------+-----
Axes           | 2 |  2.1
Armour         | 3 |  3.0
Fighting       | |  3.2
Dodging        | |  0.8
Shields        | |  2.9

Action                   || total
-------------------------++-------
Melee: War axe           ||    53
  Use: Potion            ||     3
Armor: Scale mail        ||    46
Dodge: Dodged            ||    32
Block: Buckler           ||    26
